 Dungeon Crawl Stone Soup version 0.21.1-1-g345015f (webtiles) character file.

57042 Yawgmoth the Thaumaturge (level 14, -2/113 HPs)
             Began as a Mummy Wizard on Feb 17, 2018.
             Was a High Priest of Vehumet.
             Slain by a wight
             ... wielding a +5 mace
              (4 damage)
             ... on level 14 of the Dungeon.
             The game lasted 03:24:54 (40303 turns).

Yawgmoth the Thaumaturge (Mummy Wizard)            Turns: 40303, Time: 03:24:55

Health: -2/113     AC:  6    Str: 11    XL:     14   Next: 44%
Magic:  1/40       EV: 11    Int: 22    God:    Vehumet [*****.]
Gold:   1177       SH:  4    Dex:  7    Spells: 9/39 levels left

rFire    + . .     SeeInvis +   x - +2 quarterstaff (chaos)
rCold    + . .     Gourm    .   (shield currently unavailable)
rNeg     + + +     Faith    .   G - +0 leather armour of the Land of Plenty {rF++ MR+ Dex-3 SInv} (curse)
rPois    ∞         Spirit   .   q - +2 hat
rElec    .         Reflect  +   u - scarf {repulsion}
rCorr    .         Harm     .   w - +0 pair of gloves
MR       ++...                  (no boots)
Stlth    +.........             n - +4 amulet of reflection
HPRegen  0.28/turn              f - ring of magical power {MP+9}
MPRegen  0.27/turn              a - ring of wizardry {Wiz+, !d}

@: about to teleport, repel missiles
A: no food or potions, fire vulnerability, cold resistance 1, negative energy
resistance 3, torment resistance, unbreathing, in touch with death 1
a: Renounce Religion


You were on level 14 of the Dungeon.
You worshipped Vehumet.
Vehumet was extremely pleased with you.
You were not hungry.

You visited 2 branches of the dungeon, and saw 20 of its levels.
You also visited: Sewer.

You collected 1177 gold pieces.

Inventory:

Hand Weapons
 l - a +0 arbalest of velocity
   (You found it on level 6 of the Lair of Beasts)
 x - a +2 quarterstaff of chaos (weapon)
   (You took it off Crazy Yiuf on level 7 of the Dungeon)
Missiles
 j - 2 throwing nets {=f, !d}
 m - 4 javelins of penetration (quivered)
Armour
 q - a +2 hat (worn)
   (You found it on level 4 of the Lair of Beasts)
 u - a scarf of repulsion (worn)
   (You found it on level 4 of the Dungeon)
 w - a +0 pair of gloves (worn)
   (You found it on level 4 of the Dungeon)
 y - a scarf of cloud immunity
   (You found it on level 12 of the Dungeon)
 G - the cursed +0 leather armour of the Land of Plenty (worn) {rF++ MR+ Dex-3 SInv}
   (You found it on level 10 of the Dungeon)

   It affects your dexterity (-3).
   It greatly protects you from fire.
   It affects your resistance to hostile enchantments.
   It lets you see invisible.
   It has a curse placed upon it.
Magical Staves
 b - an uncursed staff of conjuration {!a}
   (You found it on level 4 of the Lair of Beasts)
Jewellery
 a - a ring of wizardry (right hand) {Wiz+, !d}
   (You found it on level 2 of the Lair of Beasts)
 c - an uncursed ring of stealth {Stlth+}
   (You found it on level 2 of the Lair of Beasts)
 f - a ring of magical power (left hand) {MP+9}
   (You found it on level 1 of the Dungeon)
 n - a +4 amulet of reflection (around neck)
   (You found it on level 9 of the Dungeon)
 A - an uncursed ring of protection from fire {rF+, !d}
   (You found it on level 12 of the Dungeon)
Wands
 d - a wand of paralysis (14)
   (You found it on level 6 of the Dungeon)
 h - a wand of random effects (34)
   (You found it on level 4 of the Lair of Beasts)
 p - a wand of clouds (3)
   (You took it off a wight on level 9 of the Dungeon)
 C - a wand of iceblast (30)
   (You found it on level 5 of the Dungeon)
 H - a wand of flame (81)
   (You found it on level 10 of the Dungeon)
Scrolls
 e - 6 scrolls of remove curse
 g - 9 scrolls of teleportation
 i - 4 scrolls of magic mapping {!r}
 k - 3 scrolls of enchant weapon
 o - 3 scrolls of enchant armour
 r - 2 scrolls of fog
 t - 2 scrolls of amnesia
 v - a scroll of noise {unknown}
 D - a scroll of acquirement {unknown}
 E - a scroll of random uselessness {unknown}
 F - 3 scrolls of silence {unknown}
 M - 11 scrolls of identify
Books
 s - a book of Maledictions
   (You found it on level 11 of the Dungeon)
 B - the Compendium of Aerial Confrontation
   (You found it on level 13 of the Dungeon)

   Spells                             Type                      Level
   a - Flame Tongue                   Conjuration/Fire             1
   b - Swiftness                      Charms/Air                   2
   c - Irradiate                      Conjuration/Transmutation    5
   d - Deflect Missiles               Charms/Air                   6
   e - Iron Shot                      Conjuration/Earth            6
Miscellaneous
 z - a sack of spiders
 L - a crystal ball of energy
   (You found it on level 11 of the Dungeon)


   Skills:
 + Level 11.1 Fighting
 - Level 1.5 Dodging
 - Level 1.5 Stealth
 - Level 13.0 Spellcasting
 - Level 11.1 Conjurations
 - Level 0.7 Summonings
 - Level 0.7 Translocations
 + Level 10.1 Fire Magic
 + Level 9.2 Earth Magic


You had 9 spell levels left.
You knew the following spells:

 Your Spells              Type           Power        Failure   Level  Hunger
a - Magic Dart            Conj           ####         1%          1    N/A
b - Blink                 Tloc           N/A          2%          2    N/A
c - Throw Flame           Conj/Fire      ######       1%          2    N/A
d - Call Imp              Summ           ###.....     2%          2    N/A
e - Stone Arrow           Conj/Erth      ######       1%          3    N/A
f - Static Discharge      Conj/Air       #####...     1%          3    N/A
g - Airstrike             Air            ##........   7%          4    N/A
h - Tukima's Dance        Hex            ##......     7%          3    N/A
s - Swiftness             Chrm/Air       ##......     3%          2    N/A
x - Mephitic Cloud        Conj/Pois/Air  ####....     1%          3    N/A
z - Lee's Rapid Deconstr  Erth           ######....   1%          5    N/A

Dungeon Overview and Level Annotations

Branches:
Dungeon (14/15)            Temple (0/1) D:6            Lair (6/6) D:9
  Swamp (0/4) Lair:2       Spider (0/4) Lair:2        Slime (0/5) Lair:5
    Orc (0/2) D:10
 Vaults: D:13-14

Altars:
Cheibriados
Hepliaklqana
Kikubaaqudgha
Makhleb
Nemelex Xobeh
Trog
Uskayaw
Vehumet
Wu Jian
Zin
The Shining One

Annotations:
D:3 Inarius's ghost, amateur VSFi
D:6 bmj180's ghost, novice MiFi
Lair:3 exclusion: 2 oklob plants


Innate Abilities, Weirdness & Mutations

You do not eat or drink.
Your flesh is vulnerable to fire.
You are immune to poison.
Your flesh is cold resistant. (rC+)
You are immune to negative energy. (rN+++)
You are immune to unholy pain and torment.
You can survive without breathing.
You are in touch with the powers of death.


Message History

Unknown command.
Aim: a tengu warrior, wielding a long sword of holy wrath, wearing a leather armour and wearing a shield (heavily wounded)
Okay, then.
Unknown command.
Unknown command.
The wall shatters!
The blast of rock fragments hits the centaur warrior skeleton.
The blast of rock fragments hits the tengu warrior.
You block the centaur warrior skeleton's attack.
The tengu warrior barely misses you.
The tengu warrior completely misses you.
The tengu warrior claws you.
You take 2 damage, and have 111/113 hp.
You now have 3/40 mp.
The centaur warrior skeleton barely misses you.
You climb upwards.
There is a stone staircase leading down here.
You don't have enough magic to cast that spell.
Unknown command.
Unknown command.
Aim: a tengu warrior, wielding a long sword of holy wrath, wearing a leather armour and wearing a shield (severely wounded)
You throw a javelin of penetration.
The javelin of penetration misses the tengu warrior.
The tengu warrior hits you with a long sword of holy wrath!
You convulse!
The tengu warrior pecks you.
The tengu warrior claws you but does no damage.
You block the tengu warrior's attack. The tengu warrior pecks you!
The tengu warrior claws you.
You take 44 damage, and have 68/113 hp.
MASSIVE DAMAGE!!
Okay, then.
Unknown command.
Unknown command.
Unknown command.
You blink.
You now have 2/40 mp.
The tengu warrior hits you with a long sword of holy wrath!!
You convulse!
* * * LOW HITPOINT WARNING * * *
The tengu warrior pecks you.
* * * LOW HITPOINT WARNING * * *
The tengu warrior claws you.
* * * LOW HITPOINT WARNING * * *
You take 45 damage, and have 23/113 hp.
MASSIVE DAMAGE!!
Okay, then.
Unknown command.
You blink.
You now have 1/40 mp.
You climb downwards.
The centaur warrior skeleton hits you.
* * * LOW HITPOINT WARNING * * *
The centaur warrior skeleton hits you but does no damage.
There is a stone staircase leading up here.
You take 3 damage, and have 20/113 hp.
Wield which item (- for none, * to show all)? (? for menu, Esc to quit)
Your +2 quarterstaff of chaos is briefly surrounded by a scintillating aura of random colours.
x - a +2 quarterstaff of chaos (weapon)
The centaur warrior skeleton hits you.
* * * LOW HITPOINT WARNING * * *
You take 3 damage, and have 17/113 hp.
Aim: a centaur warrior skeleton (severely damaged)
The puff of flame hits the centaur warrior skeleton.
The centaur warrior skeleton closely misses you.
A worker ant and a tengu conjurer come into view.
You now have 0/40 mp.
As you read the scroll of teleportation, it crumbles to dust.
You feel strangely unstable. The centaur warrior skeleton hits you!
* * * LOW HITPOINT WARNING * * *
The centaur warrior skeleton hits you but does no damage.
The tengu conjurer mumbles some strange words.
The tengu conjurer conjures a globe of magical energy!
A battlesphere comes into view.
You take 6 damage, and have 11/113 hp.
You can't drink.
Unknown command.
Unknown command.
Unknown command.
Okay, then.
Unknown command.
Unknown command.
Unknown command.
Your surroundings suddenly seem different.
An eye of devastation comes into view.
The eye of devastation turns its gaze towards you.
The eye of devastation changes into a torpor snail!
The wight hits you with a runed scimitar!
* * * LOW HITPOINT WARNING * * *
Found a runed falchion and 36 stones.
Found a stone staircase leading up. 5 wights come into view.
A wight is wielding a great sword of slicing.
You take 10 damage, and have 1/113 hp.
Okay, then.
Unknown command.
Unknown command.
As you read the scroll of teleportation, it crumbles to dust.
You feel strangely unstable. The wight closely misses you.
The wight hits you with an enchanted mace.
You die...

..........<..
............#
#
............
.w
...(.......
...
..........
... .......z.
..
.....)zz#.#
......z@z.#
...##...#.#
##... ..
#..#. .#
#..... ..
#.(. .. ##
#### ###


You could see a torpor snail shaped shifter and 5 wights.

Vanquished Creatures
  Harold (Lair:3)
  5 hydras
  3 catoblepae (Lair:6)
  2 centaur warriors
  Erica (Lair:2)
  4 two-headed ogres
  9 death yaks
  Urug (Lair:3)
  The ghost of jazmu the Blocker, a novice FoSk (D:10)
  An unseen horror (D:13)
  2 ugly things (D:11)
  5 cyclopes
  2 manticores (Lair:6)
  5 black mambas
  8 spiny frogs
  Psyche (D:10)
  3 kobold demonologists
  A komodo dragon (shapeshifter) (D:13)
  7 komodo dragons
  2 trolls (D:9)
  4 polar bears
  12 blink frogs
  10 hippogriffs
  2 dream sheep (D:9)
  A slime creature (D:8)
  A spriggan (shapeshifter) (D:11)
  3 redbacks (Lair:2)
  33 yaks
  A wyvern (Lair:4)
  3 wraiths
  4 basilisks
  4 hungry ghosts
  3 vampire mosquitoes (D:12)
  Edmund (D:6)
  2 acid dragons
  Duvessa (D:6)
  3 orc warriors
  16 water moccasins
  7 porcupines
  9 ice beasts
  4 boggarts (Lair:5)
  4 black bears
  A phantom (D:9)
  5 sky beasts
  7 ogres
  2 eyes of draining
  2 necrophages
  4 centaurs
  17 wolves
  12 crocodiles
  3 big kobolds
  16 bullfrogs
  A wyvern zombie (D:11)
  2 wyvern skeletons
  Dowan (D:6)
  5 scorpions
  51 killer bees
  7 electric eels (Lair:2)
  18 wights
  A centaur zombie (D:7)
  6 howler monkeys
  5 crimson imps
  2 bullfrog zombies
  5 hounds
  18 jellies
  A quasit (D:8)
  Crazy Yiuf (D:7)
  3 bullfrog skeletons
  A centaur skeleton (D:4)
  A gnoll shaman (D:9)
  3 iron imps (D:6)
  7 orc priests
  5 orc wizards
  Natasha (thrice) (D:2)
  5 iguanas
  6 worker ants
  A hound zombie (D:9)
  2 hound skeletons
  A howler monkey zombie (D:6)
  A howler monkey skeleton (D:10)
  24 adders
  5 river rats (Sewer)
  3 shadow imps
  2 white imps (D:11)
  2 ufetubi (D:11)
  5 oozes
  2 adder skeletons
  A worm (D:4)
  3 dart slugs
  6 leopard geckos
  30 orcs
  7 ball pythons (Sewer)
  9 bats
  8 giant cockroaches
  15 goblins
  8 hobgoblins
  4 jackals
  7 kobolds
  3 quokkas
  3 frilled lizards
  31 rats
602 creatures vanquished.

Vanquished Creatures (collateral kills)
  A big kobold (D:9)
  A killer bee (D:9)
2 creatures vanquished.

Vanquished Creatures (others)
  A bullfrog (Sewer)
  8 fungi
  20 plants
29 creatures vanquished.

Grand Total: 633 creatures vanquished

Notes
Turn   | Place    | Note
-------+----------+-------------------------------------------
     0 | D:1      | Yawgmoth the Mummy Wizard began the quest for the Orb.
     0 | D:1      | Reached XP level 1. HP: 13/13 MP: 5/5
   106 | D:1      | Reached skill level 1 in Conjurations
   132 | D:1      | HP: 2/13 [ooze (3)]
   456 | D:1      | Reached XP level 2. HP: 19/19 MP: 2/7
   542 | D:1      | Reached skill level 2 in Conjurations
   986 | D:1      | Reached XP level 3. HP: 24/24 MP: 8/8
  1777 | D:1      | Learned a level 2 spell: Blink
  1781 | D:1      | Learned a level 3 spell: Mephitic Cloud
  1904 | D:2      | Reached skill level 3 in Conjurations
  2007 | D:2      | Reached XP level 4. HP: 30/30 MP: 10/10
  2249 | D:2      | Noticed Natasha
  2266 | D:2      | Killed Natasha
  2408 | D:2      | Noticed Natasha
  2467 | D:2      | Killed Natasha
  2769 | D:2      | Noticed Natasha
  2773 | D:2      | Killed Natasha
  2773 | D:2      | Reached skill level 4 in Conjurations
  2773 | D:2      | Reached XP level 5. HP: 35/35 MP: 11/11
  3127 | D:3      | Noticed Inarius's ghost (amateur VSFi)
  3927 | D:3      | Noticed an ogre
  3937 | D:3      | Killed an ogre
  3937 | D:3      | Reached skill level 5 in Conjurations
  3937 | D:3      | Reached XP level 6. HP: 41/41 MP: 9/12
  4660 | D:4      | Found a hide-covered altar of Uskayaw.
  4670 | D:4      | Found a glowing drain.
  4716 | Sewer    | Entered a sewer
  5269 | Sewer    | Reached skill level 6 in Conjurations
  5597 | Sewer    | Reached XP level 7. HP: 34/46 MP: 13/13
  5794 | D:4      | Found a glowing golden altar of the Shining One.
  6342 | D:5      | Entered Level 5 of the Dungeon
  6615 | D:5      | Reached skill level 1 in Fighting
  6798 | D:5      | HP: 4/48 [orc priest/divine providence (10)]
  6894 | D:5      | HP: 12/48 [orc wizard/magic dart (7)]
  6903 | D:5      | HP: 4/48 [orc wizard/magic dart (10)]
  7775 | D:5      | Reached skill level 2 in Fighting
  7775 | D:5      | Reached skill level 7 in Conjurations
  7781 | D:5      | Reached skill level 5 in Spellcasting
  8081 | D:5      | Reached XP level 8. HP: 56/56 MP: 11/15
  8169 | D:5      | Found an ornate altar of the Wu Jian Council.
  8923 | D:6      | Reached skill level 3 in Fighting
  9112 | D:6      | Found a radiant altar of Vehumet.
  9117 | D:6      | Became a worshipper of Vehumet
  9123 | D:6      | Noticed Dowan
  9125 | D:6      | Noticed Duvessa
  9129 | D:6      | Killed Dowan
  9160 | D:6      | Killed Duvessa
  9160 | D:6      | Reached skill level 6 in Spellcasting
  9294 | D:6      | Found a bloodstained altar of Trog.
  9307 | D:6      | Found a staircase to the Ecumenical Temple.
  9307 | D:6      | Noticed bmj180's ghost (novice MiFi)
  9680 | D:6      | Found a burning altar of Makhleb.
  9704 | D:6      | Reached skill level 4 in Fighting
 10113 | D:6      | Noticed Edmund
 10138 | D:6      | Killed Edmund
 10285 | D:6      | Found a sparkling altar of Nemelex Xobeh.
 10396 | D:7      | Reached skill level 7 in Spellcasting
 10516 | D:7      | Reached XP level 9. HP: 62/66 MP: 19/19
 10563 | D:6      | Reached skill level 8 in Conjurations
 10732 | D:7      | Reached skill level 5 in Fighting
 11122 | D:7      | Reached skill level 8 in Spellcasting
 11193 | D:7      | Reached * piety under Vehumet
 11193 | D:7      | Offered knowledge of Sting by Vehumet.
 11614 | D:7      | Found a runed door.
 11859 | D:7      | Noticed Crazy Yiuf
 11868 | D:7      | Killed Crazy Yiuf
 11974 | D:8      | Reached skill level 6 in Fighting
 12540 | D:8      | Reached skill level 9 in Spellcasting
 13063 | D:8      | Reached XP level 10. HP: 77/77 MP: 23/23
 13254 | D:9      | Reached skill level 9 in Conjurations
 13261 | D:9      | Noticed a cyclops
 13276 | D:9      | Killed a cyclops
 13276 | D:9      | Reached skill level 7 in Fighting
 13299 | D:9      | Noticed a centaur warrior
 13320 | D:8      | Reached ** piety under Vehumet
 13979 | D:9      | Found a snail-covered altar of Cheibriados.
 13994 | D:9      | Offered knowledge of Throw Flame by Vehumet.
 13995 | D:9      | Noticed a two-headed ogre
 14264 | D:8      | HP: 15/79 [acid (11)]
 14551 | D:8      | HP: 19/79 [acid dragon (11)]
 14859 | D:8      | Killed a centaur warrior
 14859 | D:8      | Reached skill level 10 in Spellcasting
 14929 | D:9      | Noticed a two-headed ogre
 14944 | D:9      | Killed a two-headed ogre
 14944 | D:9      | Reached skill level 8 in Fighting
 15021 | D:9      | Found a glowing silver altar of Zin.
 15021 | D:9      | Found an ancient bone altar of Kikubaaqudgha.
 15040 | D:9      | HP: 19/80 [orc warrior/hand axe (20)]
 16605 | D:9      | Noticed a soul eater
 16605 | D:9      | Reached skill level 11 in Spellcasting
 16612 | D:9      | Got a scorched steel ring
 16618 | D:9      | Identified the ring of Abewaong {Ice +Inv rN++ Int-2} (You took it off a kobold demonologist on level 9 of the Dungeon)
 16722 | D:9      | Found a staircase to the Lair.
 16770 | D:9      | Killed a two-headed ogre
 16770 | D:9      | Reached skill level 10 in Conjurations
 16770 | D:9      | Reached XP level 11. HP: 70/87 MP: 23/26
 16992 | D:9      | Noticed a skeletal warrior
 17188 | D:9      | Found a hazy altar of Hepliaklqana.
 17389 | D:9      | Got a slimy platinum ring
 17389 | D:9      | Got a diamond-encrusted chain mail
 17392 | D:9      | Identified the cursed +0 chain mail of the Neverending People {rC+ Str+4} (You found it on level 9 of the Dungeon)
 17395 | D:9      | Identified the ring "Dyok Zat" {rElec rC+ Int-3 Dex+5 Stlth-} (You found it on level 9 of the Dungeon)
 17966 | D:9      | Learned a level 2 spell: Throw Flame
 17969 | D:9      | Learned a level 2 spell: Call Imp
 17983 | Lair:1   | Entered Level 1 of the Lair of Beasts
 18177 | Lair:1   | HP: 18/87 [black mamba (17)]
 18501 | D:9      | Reached skill level 9 in Fighting
 18501 | D:9      | Reached skill level 1 in Fire Magic
 18606 | D:9      | Noticed a three-headed hydra
 18629 | D:9      | Killed a three-headed hydra
 18629 | D:9      | Reached skill level 2 in Fire Magic
 18925 | D:10     | Entered Level 10 of the Dungeon
 19512 | D:10     | Noticed Psyche
 19522 | D:10     | Killed Psyche
 19522 | D:10     | Reached skill level 3 in Fire Magic
 19554 | D:10     | Noticed jazmu's ghost (novice FoSk)
 19597 | D:10     | Found a staircase to the Orcish Mines.
 20112 | D:10     | Got a faintly humming leather armour
 20117 | D:10     | Identified the cursed +0 leather armour of the Land of Plenty {rF++ MR+ Dex-3 SInv} (You found it on level 10 of the Dungeon)
 20861 | D:10     | Reached skill level 4 in Fire Magic
 21084 | D:10     | Offered knowledge of Stone Arrow by Vehumet.
 21114 | D:9      | Learned a level 3 spell: Stone Arrow
 21344 | D:10     | Killed jazmu's ghost
 21344 | D:10     | Reached skill level 1 in Earth Magic
 21740 | D:11     | Reached skill level 2 in Earth Magic
 21871 | D:11     | Reached *** piety under Vehumet
 21991 | D:11     | Reached skill level 5 in Fire Magic
 22206 | D:11     | Reached skill level 3 in Earth Magic
 22572 | D:11     | Noticed a green ugly thing
 22582 | D:11     | Noticed a cyan ugly thing
 22583 | D:11     | Killed a green ugly thing
 23161 | Lair:1   | Offered knowledge of Fulminant Prism by Vehumet.
 23161 | Lair:1   | Reached skill level 4 in Earth Magic
 23161 | Lair:1   | Reached XP level 12. HP: 96/96 MP: 23/27
 23506 | Lair:1   | Reached skill level 6 in Fire Magic
 23951 | Lair:1   | Noticed a five-headed hydra
 23975 | Lair:1   | Killed a five-headed hydra
 24621 | Lair:2   | Reached skill level 5 in Earth Magic
 25277 | Lair:2   | Reached skill level 7 in Fire Magic
 25350 | Lair:2   | Reached **** piety under Vehumet
 25484 | Lair:2   | Found a staircase to the Swamp.
 25728 | Lair:2   | Reached skill level 6 in Earth Magic
 25799 | Lair:2   | Noticed Erica
 26045 | Lair:2   | Killed Erica
 26166 | Lair:2   | Offered knowledge of Static Discharge by Vehumet.
 26171 | Lair:2   | Learned a level 3 spell: Static Discharge
 26412 | Lair:2   | Found a hole to the Spider Nest.
 26703 | Lair:3   | Reached skill level 8 in Fire Magic
 27252 | Lair:3   | Noticed Harold
 27274 | Lair:3   | Reached skill level 7 in Earth Magic
 27734 | Lair:3   | Killed Harold
 28405 | Lair:3   | Gained mutation: You are in touch with the powers of death. [Mummy growth]
 28405 | Lair:3   | Reached XP level 13. HP: 101/101 MP: 28/28
 28448 | Lair:3   | Noticed Urug
 28459 | Lair:3   | Killed Urug
 28625 | Lair:3   | Reached ***** piety under Vehumet
 28910 | Lair:4   | Offered knowledge of Lee's Rapid Deconstruction by Vehumet.
 29061 | Lair:3   | Learned a level 5 spell: Lee's Rapid Deconstruction
 29837 | Lair:4   | Reached skill level 12 in Spellcasting
 30666 | Lair:5   | Found a staircase to the Slime Pits.
 31488 | Lair:5   | Reached skill level 9 in Fire Magic
 32050 | Lair:6   | Entered Level 6 of the Lair of Beasts
 32181 | Lair:6   | Reached skill level 8 in Earth Magic
 32207 | Lair:6   | Reached skill level 10 in Fighting
 34330 | Lair:6   | Reached skill level 11 in Conjurations
 35286 | Lair:6   | Reached XP level 14. HP: 98/111 MP: 17/30
 36079 | Lair:6   | Offered knowledge of Airstrike by Vehumet.
 36309 | Lair:6   | Reached skill level 13 in Spellcasting
 37059 | D:11     | Learned a level 4 spell: Airstrike
 37063 | D:11     | Learned a level 3 spell: Tukima's Dance
 38780 | D:12     | Reached skill level 9 in Earth Magic
 39101 | D:13     | Identified the Compendium of Aerial Confrontation
 39106 | D:13     | Learned a level 2 spell: Swiftness
 39158 | D:13     | Reached skill level 11 in Fighting
 39230 | D:13     | Reached skill level 10 in Fire Magic
 40294 | D:13     | HP: 27/113 [tengu warrior/long sword of holy wrath[a tengu conjurer] (6)]
 40300 | D:14     | HP: 11/113 [centaur warrior skeleton (7)]
 40302 | D:14     | HP: 1/113 [wight/runed scimitar (10)]
 40303 | D:14     | Slain by a wight

Skill      XL: |  1  2  3  4  5  6  7  8  9 10 11 12 13 14 |
---------------+-------------------------------------------+-----
Conjurations   | 1 2 3 4 5 6 7 8 10 11 | 11.1
Fighting       | 2 4 6 8 9 10 11 | 11.1
Spellcasting   | 5 7 9 11 12 13 | 13.0
Fire Magic     | 5 8 9 10 | 10.1
Earth Magic    | 4 7 8 9 |  9.2
Dodging        | |  1.5
Stealth        | |  1.5
Summonings     | |  0.7
Translocations | |  0.7

Action                   |  1- 3 |  4- 6 |  7- 9 | 10-12 | 13-15 || total
-------------------------+-------+-------+-------+-------+-------++-------
Melee: Unarmed           |    13 |       |       |       |       ||    13
       Short sword       |     1 |     1 |    15 |       |       ||    17
       Spear             |       |     2 |     1 |       |       ||     3
       Hand axe          |       |       |     2 |       |       ||     2
       Halberd           |       |       |    13 |    58 |       ||    71
       Quarterstaff      |       |       |       |    10 |     1 ||    11
Throw: Javelin           |       |       |       |       |     3 ||     3
 Cast: Magic Dart        |   101 |   227 |   545 |   348 |       ||  1221
       Mephitic Cloud    |       |     3 |    21 |    49 |    19 ||    92
       Blink             |       |       |       |    37 |    10 ||    47
       Throw Flame       |       |       |       |   320 |   124 ||   444
       Stone Arrow       |       |       |       |   275 |   390 ||   665
       Call Imp          |       |       |       |     2 |       ||     2
       Lee's Rapid Decon |       |       |       |       |    33 ||    33
Evoke: Wand              |       |       |       |     9 |     3 ||    12
       Sack of spiders   |       |       |       |     1 |       ||     1
  Use: Scroll            |     1 |     4 |    13 |    13 |     7 ||    38
 Stab: Confused          |       |       |       |     1 |       ||     1
Armor: Robe              |     7 |     9 |    47 |    42 |       ||   105
       Leather armour    |       |       |       |    17 |    23 ||    40
Dodge: Dodged            |    19 |    47 |   113 |   193 |    56 ||   428
       Deflected         |       |       |    14 |    10 |     6 ||    30
Block: Other             |       |       |       |    43 |    15 ||    58
       Reflection        |       |       |       |     1 |       ||     1
       Rpst.: Falchion   |       |       |     4 |       |       ||     4

Vault maps used:
D:1:      eino_arrival_cavern_b, nrook_mini_vaults,
          corexii_item_surrounded_by_moat
D:2:      first_ration, fountainhead, uniq_natasha
D:4:      kennysheep_six_static_rooms, eat_drink_and_be_merry_uskayaw,
          gup_sewer_entry_glass, minmay_misc_feat_diagonals,
          corexii_corridor_pit, tso_metal_star
D:5:      old_standard_altar, minivault_1
D:6:      kennysheep_mini, lemuel_coloured_pillars_altar, demons_altar,
          kennysheep_little_box, minmay_temple_entry_statues, uniq_duvessa,
          uniq_edmund
D:7:      uniq_crazy_yiuf_cottage
D:9:      minmay_the_grid_4x2, cheibriados_altar_1, general_overflow_altar,
          gammafunk_temple_overflow_elements, lair_entry_dummy, hangedman_ranch,
          patterned_corridor
D:10:     orc_0_dummy, uniq_psyche
D:11:     serial_ice, serial_ice_i, serial_ice_e, serial_ice_h, serial_ice_o,
          small_chamber_with_monster
D:12:     minmay_holes
D:14:     david_vaults_2, grunt_decor_one_mirror, feat_on_display
Lair:1:   grunt_megastairs_1
Lair:2:   minmay_swamp_entry_eels, spider_nest_entry_webs, uniq_erica
Lair:3:   wad_woods_minihive, minmay_lair_oklob_chamber, uniq_urug, uniq_harold
Lair:5:   minmay_slime_entry_jelly_boxes, kilobyte_rumbling_trees,
          serial_bayou_shore_b
Lair:6:   evilmike_catoblepas_cave, eino_small_chamber_without_monster,
          infiniplex_staircase_pool
Sewer:    sewer_minmay_w

Table legend:
 A = Turns spent in this place as a percentage of turns spent in the entire game.
 B = Non-inter-level travel turns spent in this place as a percentage of non-inter-level travel turns spent in the entire game.
 C = Inter-level travel turns spent in this place as a percentage of turns spent in this place.
 D = Turns resting spent in this place as a percentage of non-inter-level travel turns spent in this place.
 E = Turns spent auto-exploring this place as a percentage of non-inter-level travel turns spent in this place.
 F = Non-inter-level travel turns spent in this place divided by the number of levels of this place that you've seen.
                   A       B       C       D       E      F
               +-------+-------+-------+-------+-------+----------------------
         Total | 100.0 | 100.0 |  13.3 |  55.3 |  24.8 | 1664.8
       Dungeon |  62.0 |  63.1 |  11.8 |  49.7 |  28.3 | 1574.5
          Lair |  35.3 |  33.9 |  16.7 |  64.9 |  19.7 | 1975.5
         Sewer |   2.6 |   3.0 |   0.0 |  65.3 |   9.9 | 1064.0
               +-------+-------+-------+-------+-------+----------------------

Table legend:
 A = Kills in this place as a percentage of kills in entire the game.
 B = Kills by you in this place as a percentage of kills by you in the entire game.
 C = Kills by friends in this place as a percentage of kills by friends in the entire game.
 D = Other kills in this place as a percentage of other kills in the entire game.
 E = Experience gained in this place as a percentage of experience gained in the entire game.
 F = Experience gained in this place divided by the number of levels of this place that you have seen.
                   A       B       C       D       E      F
               +-------+-------+-------+-------+-------+----------------------
         Total | 100.0 | 100.0 | 100.0 | 100.0 | 100.0 | 3880.4
       Dungeon |  54.5 |  54.9 | 100.0 |  30.8 |  37.5 | 2180.4
          Lair |  37.5 |  37.6 |   0.0 |  38.5 |  62.1 | 8430.5
         Sewer |   7.9 |   7.5 |   0.0 |  30.8 |   0.5 | 381.0
               +-------+-------+-------+-------+-------+----------------------
